 Dungeon Sprint DCSS version 0.21-a0-372-gd0ff781 (webtiles) character file.

311252 Kidiri the Archmage (level 19, -2/128 HPs)
             Began as a Deep Elf Fire Elementalist on Oct 16, 2017.
             Was the Champion of Vehumet.
             Slain by the Serpent of Hell (9 damage)
             ... in the Dungeon (Sprint III: "The Ten Rune Challenge").
             The game lasted 01:56:42 (18994 turns).

Kidiri the Archmage (Deep Elf Fire Elementalist)   Turns: 18994, Time: 01:56:43

Health: -2/128     AC: 27    Str:  9    XL:     19   Next: 1%
Magic:  2/52       EV: 23    Int: 41    God:    Vehumet [******]
Gold:   4642       SH: 31    Dex: 24    Spells: 5/72 levels left

rFire    + + .     SeeInvis .   a - +4 dagger "Morg" {pain, MR+ Int+5}
rCold    + . .     Gourm    .   e - +8 large shield {rN+}
rNeg     + + +     Faith    .   O - +2 scale mail of Ucupuih {+Fly rC+++ Regen+ Dex-3}
rPois    .         Spirit   .   D - +3 helmet "Wyvuuw" {MR+ Int+4 Slay+2}
rElec    +         Reflect  +   d - scarf "Hogguag" {MR- Int+3 Dex+6}
rCorr    .         Harm     .   x - +2 pair of gloves of the Circus Animal {rElec rC- rN+++ Int-5}
MR       +++..     NoTele   +   t - +0 pair of boots of Prudence {rN+ Str+2}
Stlth    ++........             J - amulet "Atecw" {Reflect Dex+4 SH+3}
HPRegen  0.71/turn              Y - ring of protection from fire
MPRegen  0.33/turn              r - ring "Paunun" {Fire *Slow +Blink rN+}

@: brilliant, hasted, very quick
A: iridescent scales 2, thin skeletal structure 1, magic resistance 1, strong 1,
evolution 1
}: 5/10 runes: decaying, serpentine, silver, golden, icy
a: Renounce Religion, Evoke Blink, Evoke Flight


You were in the Dungeon.
You worshipped Vehumet.
Vehumet was exalted by your worship.
You were not hungry.

You visited 1 branch You collected 7958 gold pieces.
You spent 3316 gold pieces at shops.

Inventory:

Hand Weapons
 a - the +4 dagger "Morg" (weapon) {pain, MR+ Int+5}
   (You found it in the Dungeon)

   In the hands of one skilled in necromantic magic, it inflicts extra damage on
   living creatures.
   It affects your intelligence (+5).
   It affects your resistance to hostile enchantments.
Missiles
 c - 9 throwing nets (quivered)
Armour
 d - the scarf "Hogguag" (worn) {MR- Int+3 Dex+6}
   (You found it in the Dungeon)

   It affects your intelligence (+3).
   It affects your dexterity (+6).
   It affects your resistance to hostile enchantments.
 e - a +8 large shield of positive energy (worn)
 t - the +0 pair of boots of Prudence (worn) {rN+ Str+2}
   (You found it in the Dungeon)

   It affects your strength (+2).
   It protects you from negative energy.
 x - the +2 pair of gloves of the Circus Animal (worn) {rElec rC- rN+++ Int-5}
   (You bought it in a shop in the Dungeon)

   It affects your intelligence (-5).
   It makes you vulnerable to cold.
   It insulates you from electricity.
   It renders you almost immune to negative energy.
 D - the +3 helmet "Wyvuuw" (worn) {MR+ Int+4 Slay+2}
   (You bought it in a shop in the Dungeon)

   It affects your intelligence (+4).
   It affects your accuracy and damage with ranged weapons and melee attacks
   (+2).
   It affects your resistance to hostile enchantments.
 O - the +2 scale mail of Ucupuih (worn) {+Fly rC+++ Regen+ Dex-3}
   (You found it in the Dungeon)

   It affects your dexterity (-3).
   It renders you almost immune to cold.
   It lets you fly.
   It increases your rate of regeneration.
Jewellery
 r - the ring "Paunun" (right hand) {Fire *Slow +Blink rN+}
   (You acquired it in the Dungeon)

   [ring of fire]

   It enhances your fire magic.
   It protects you from fire.
   It makes you vulnerable to cold.
   It protects you from negative energy.
   It lets you blink.
   It may slow you when you take damage.
 s - the amulet "Qysely" {Reflect Int+2 SH+4, unknown}
   (You found it in the Dungeon)

   [amulet of reflection]

   It shields you and reflects attacks.
   It affects your intelligence (+2).
   It affects your SH (+4).
 J - the amulet "Atecw" (around neck) {Reflect Dex+4 SH+3}
   (You found it in the Dungeon)

   [amulet of reflection]

   It shields you and reflects attacks.
   It affects your dexterity (+4).
   It affects your SH (+3).
 L - the ring "Duaxzefa" {rC+ Str+3 Stlth+}
   (You found it in the Dungeon)

   [ring of protection from cold]

   It affects your strength (+3).
   It protects you from cold.
   It makes you more stealthy.
 Y - a ring of protection from fire (left hand)
Wands
 b - a wand of disintegration (5/24)
 p - a wand of digging (10/24)
 H - a wand of lightning (0/15)
 N - a wand of lightning (8/15)
 Z - a wand of digging (11/24)
Scrolls
 f - 6 scrolls of enchant weapon
 g - a scroll of remove curse
 h - 5 scrolls of amnesia
 l - 2 scrolls of immolation
 n - 2 scrolls of silence
 y - a scroll of recharging
 A - 5 scrolls of identify
 V - a scroll of torment
Potions
 i - 2 potions of berserk rage
 j - a potion of cancellation
 k - 4 potions of flight
 m - 5 potions of haste
 o - 3 potions of resistance
 q - a potion of lignification
 v - 4 potions of agility
 z - a potion of invisibility
 C - a potion of might
 F - 4 potions of mutation
 I - 7 potions of curing
 Q - a potion of ambrosia
Comestibles
 u - a meat ration
 B - 22 royal jellies


   Skills:
 + Level 17.3 Fighting
 - Level 14.5 Short Blades
 + Level 17.3 Armour
 + Level 23.1 Dodging
 - Level 2.4 Stealth
 * Level 17.9 Shields
 O Level 27 Spellcasting
 + Level 22.0 Conjurations
 + Level 22.1 Fire Magic
 + Level 21.1 Ice Magic
 + Level 18.8 Air Magic
 + Level 20.5 Earth Magic
 + Level 13.8 Evocations


You had 5 spell levels left.
You knew the following spells:

 Your Spells              Type           Power        Failure   Level  Hunger
a - Flame Tongue          Conj/Fire      #####        0%          1    None
b - Throw Flame           Conj/Fire      ######       0%          2    None
c - Conjure Flame         Conj/Fire      ########     0%          3    None
d - Inner Flame           Hex/Fire       ########     1%          3    None
e - Sticky Flame          Conj/Fire      ########     0%          4    None
f - Fireball              Conj/Fire      #########.   0%          5    None
g - Bolt of Magma         Conj/Fire/Erth #########.   0%          5    None
h - Bolt of Fire          Conj/Fire      #########.   1%          6    None
i - Ignition              Fire           #########.   1%          8    None
j - Fire Storm            Conj/Fire      #########.   4%          9    None
k - Throw Frost           Conj/Ice       ######       0%          2    None
l - Freezing Cloud        Conj/Ice/Air   ########..   1%          6    None
m - Iron Shot             Conj/Erth      ########..   1%          6    None
n - Orb of Destruction    Conj           ########..   1%          7    None


Dungeon Overview and Level Annotations

Branches:
Dungeon (1/1)

Altars:
Cheibriados
Dithmenos
Elyvilon
Fedhas
Gozag
Hepliaklqana
Kikubaaqudgha
Makhleb
Nemelex Xobeh
Okawaru
Qazlal
Ru
Sif Muna
Trog
Uskayaw
Vehumet
Wu Jian
Xom
Yredelemnul
Zin
The Shining One
Beogh
Jiyva
Lugonu

Shops:
D }?(![}*![}!%:=[?%*[((*!}

Annotations:
D exclusion: 5 doors, Serpent of Hell


Innate Abilities, Weirdness & Mutations

You are mostly covered in iridescent scales. (AC +4)
You have a somewhat thin skeletal structure. (Dex +2, Stealth)
You are resistant to hostile enchantments. (MR+)
Your muscles are strong. (Str +2)
You evolve.


Message History

Evoke which item? (* to show all) (? for menu, Esc to quit)
Aiming: Lightning Bolt
Press: ? - help, Shift-Dir - straight line, f/p - Serpent of Hell
Aim: the Serpent of Hell (heavily wounded)
You hear a mighty clap of thunder!
The bolt of lightning misses the Serpent of Hell.
This wand has 1 charge left.
Unknown command.
Evoke which item? (* to show all) (? for menu, Esc to quit)
Aiming: Lightning Bolt
Press: ? - help, Shift-Dir - straight line, f/p - Serpent of Hell
Aim: the Serpent of Hell (heavily wounded)
You hear a mighty clap of thunder!
The bolt of lightning hits the Serpent of Hell.
The Serpent of Hell is severely wounded.
This wand has 0 charges left.
You block the Serpent of Hell's attack. x2
The Serpent of Hell bites you.
* * * LOW HITPOINT WARNING * * *
You are engulfed in flames!
You resist.
You die...

*,,,,***,,,,* ♣♣...≈.≈..♣
**,,,,,,,,,** ♣♣.[♣♣♣♣♣♣.♣
**,,,,,,,** ♣...≈≈≈§≈≈.♣
***,_,*** ♣.....§≈...♣ *****
♣.♣≈≈.§.§..♣ ♣♣♣♣♣♣♣♣∩§∩♣
♣♣♣♣♣
############################
#§.§%.!).(D@φ##.+..#..^....#
#≈≈§.§D§§###▓##.#..+..####+#
#≈≈§≈.§§§§≈§≈##.####..#,,,,*
#§≈§§§D§≈§§§§##.#..##+#,,,,*
#§≈§≈§§≈§≈§§§##.#..#..#,,,,*
#§.§D§≈≈§≈.§.##.+.^#..#,,,,*
#§§§.DD≈.§§.§#######++#####*
#§§§.§§.§§§§§###.#.#..#.#.##
#8§§§§§..§..8##.........)..#


You could see the Serpent of Hell and a storm dragon.

Vanquished Creatures
  Antaeus (D)
  Tiamat (D)
  Mara (D)
  Mennas (D)
  An ancient lich (D)
  2 greater mummies (D)
  Sojobo (D)
  Boris (D)
  A Killer Klown (D)
  Sigmund (D)
  Geryon (D)
  2 golden dragons (D)
  Nikola (D)
  An iron giant (D)
  An electric golem (D)
  A Brimstone Fiend (D)
  Rupert (D)
  2 liches (D)
  A Hell Sentinel (D)
  5 Ice Fiends (D)
  2 Orb Guardians (D)
  2 quicksilver dragons (D)
  4 deep elf blademasters (D)
  An Executioner (D)
  Gastronok (D)
  A deep elf master archer (D)
  An ancient champion (D)
  2 sphinxes (D)
  3 shadow dragons (D)
  A storm dragon (D)
  Chuck (D)
  Roxanne (D)
  4 azure jellies (D)
  2 fire giants (D)
  An iron dragon (D)
  2 frost giants (D)
  A nagaraja (D)
  A draconian shifter (D)
  2 draconian stormcallers (D)
  4 war gargoyles (D)
  3 stone giants (D)
  2 vampire knights (D)
  3 deep elf annihilators (D)
  Nessos (D)
  2 dire elephants (D)
  A yellow draconian (D)
  Azrael (D)
  A deep elf death mage (D)
  A fire dragon (D)
  11 mummy priests (D)
  Josephine (D)
  4 yaktaur captains (D)
  A deep elf high priest (D)
  2 hydras (D)
  18 vault guards (D)
  5 ice dragons (D)
  2 hell beasts (D)
  5 anacondas (D)
  A naga warrior (D)
  2 centaur warriors (D)
  2 iron elementals (D)
  4 dancing weapons (D)
  An ogre mage (D)
  4 death yaks (D)
  2 soul eaters (D)
  2 orc high priests (D)
  2 iron golems (D)
  A titan zombie (D)
  4 hell knights (D)
  Urug (D)
  A shadow wraith (D)
  2 sun demons (D)
  6 skeletal warriors (D)
  A spriggan druid (D)
  An orange crystal statue (D)
  An unseen horror (D)
  A golden dragon zombie (D)
  A death drake (D)
  A glowing orange brain (D)
  An obsidian statue (D)
  A glowing orange brain (shapeshifter) (D)
  3 kraken simulacra (D)
  A lindwurm (D)
  A lindwurm (shapeshifter) (D)
  3 orc knights (D)
  A wolf spider (shapeshifter) (D)
  4 crystal guardians (D)
  4 ugly things (D)
  2 oklob plants (D)
  A faun (shapeshifter) (D)
  7 deep elf magi (D)
  A shining eye (D)
  A moth of wrath (D)
  2 elephants (D)
  7 black mambas (D)
  2 stone giant skeletons (D)
  A guardian serpent (D)
  A water nymph (shapeshifter) (D)
  3 iron troll simulacra (D)
  3 rust devils (D)
  A moth of wrath (shapeshifter) (D)
  7 statues (D)
  2 spiny frogs (D)
  Edmund (D)
  A molten gargoyle (D)
  A komodo dragon (D)
  A rime drake (D)
  2 ice devils (D)
  8 yaktaurs (D)
  An anaconda simulacrum (D)
  3 wandering mushrooms (D)
  17 guardian mummies (D)
  A queen bee (D)
  3 hornets (D)
  2 tyrant leeches (D)
  4 spriggan defenders (D)
  7 slime creatures (D)
  A wind drake (shapeshifter) (D)
  8 blink frogs (D)
  A shadow (D)
  3 redbacks (D)
  2 spriggans (D)
  A golden eye (D)
  A spatial vortex (D)
  2 nagas (D)
  3 hydra simulacra (D)
  6 water moccasins (D)
  A floating eye (shapeshifter) (D)
  2 floating eyes (D)
  A swamp drake (D)
  2 orc warriors (D)
  A necrophage (D)
  A fire dragon simulacrum (D)
  2 centaurs (D)
  A water elemental (D)
  A scorpion (D)
  32 killer bees (D)
  3 electric eels (D)
  An orc wizard (D)
  7 orc priests (D)
  A jelly (D)
  A wizard (D)
  2 necromancers (D)
  A wolf simulacrum (D)
  3 humans (D)
  A kobold demonologist (D)
  4 adders (D)
  2 swamp drake simulacra (D)
  10 orcs (D)
  4 rats (D)
  A ballistomycete (D)
  8 bushes (D)
  9 butterflies (D)
  44 plants (D)
455 creatures vanquished.

Vanquished Creatures (others)
  A draconian shifter (D)
  2 draconian scorchers (D)
  A yaktaur captain (D)
  An ice dragon (D)
  A hydra (D)
  A centaur warrior (D)
  A statue (D)
  4 yaktaurs (D)
  6 hellions (D)
  4 ball lightnings (D)
  4 ballistomycete spores (D)
  11 fire vortices (D)
  10 plants (D)
  8 tentacles (D)
55 creatures vanquished.

Grand Total: 510 creatures vanquished

Notes
Turn   | Place    | Note
-------+----------+-------------------------------------------
     0 | D        | Kidiri the Deep Elf Fire Elementalist began the quest for the Orb.
     0 | D        | Reached XP level 1. HP: 10/10 MP: 6/6
    46 | D        | Reached skill level 4 in Spellcasting
    53 | D        | Killed a yaktaur
    57 | D        | Killed a hellion
    67 | D        | Killed a hellion
    70 | D        | Killed a hellion
    76 | D        | Noticed a scorpion
    85 | D        | Killed a scorpion
    85 | D        | Reached skill level 7 in Spellcasting
    85 | D        | Reached skill level 5 in Fire Magic
    85 | D        | Reached XP level 2. HP: 15/15 MP: 1/12
    85 | D        | Reached XP level 3. HP: 19/19 MP: 1/13
    89 | D        | Learned a level 2 spell: Throw Flame
    91 | D        | Killed a hellion
    93 | D        | Learned a level 3 spell: Conjure Flame
    95 | D        | Killed a hellion
    95 | D        | Killed a hellion
    97 | D        | Learned a level 3 spell: Inner Flame
   114 | D        | Gained mutation: You evolve. [potion of mutation]
   114 | D        | Gained mutation: You have a somewhat thin skeletal structure. (Dex +2, Stealth) [potion of mutation]
   160 | D        | Killed a white draconian scorcher
   183 | D        | Reached XP level 4. HP: 24/24 MP: 6/15
   201 | D        | Killed a white draconian scorcher
   226 | D        | Learned a level 4 spell: Sticky Flame
   240 | D        | Noticed a water elemental
   243 | D        | Killed a water elemental
   243 | D        | Reached skill level 9 in Spellcasting
   243 | D        | Reached skill level 5 in Conjurations
   286 | D        | Found a radiant altar of Vehumet.
   287 | D        | Found a deep blue altar of Sif Muna.
   287 | D        | Found an ancient bone altar of Kikubaaqudgha.
   287 | D        | Noticed a wizard
   290 | D        | Killed a wizard
   290 | D        | Reached skill level 10 in Spellcasting
   290 | D        | Reached XP level 5. HP: 17/28 MP: 11/19
   500 | D        | Learned a level 5 spell: Fireball
   512 | D        | Became a worshipper of Vehumet
   522 | D        | Found a glowing silver altar of Zin.
   523 | D        | Found a glowing golden altar of the Shining One.
   523 | D        | Found a white marble altar of Elyvilon.
   523 | D        | Noticed a deep elf mage
   529 | D        | Killed a deep elf mage
   529 | D        | Reached skill level 5 in Dodging
   529 | D        | Reached skill level 12 in Spellcasting
   529 | D        | Reached XP level 6. HP: 19/36 MP: 15/23
   529 | D        | Reached XP level 7. HP: 21/40 MP: 15/24
   672 | D        | Found an ornate altar of the Wu Jian Council.
   672 | D        | Found a roughly hewn altar of Beogh.
   672 | D        | Found an iron altar of Okawaru.
   672 | D        | Found a bloodstained altar of Trog.
   672 | D        | Found a hide-covered altar of Uskayaw.
   672 | D        | Noticed a human
   672 | D        | Noticed a human
   676 | D        | Killed a human
   676 | D        | Killed a human
   676 | D        | Reached * piety under Vehumet
   676 | D        | Offered knowledge of Freeze by Vehumet.
   676 | D        | Reached skill level 13 in Spellcasting
   763 | D        | Killed a yaktaur
   766 | D        | Found a basalt altar of Yredelemnul.
   766 | D        | Found a shadowy altar of Dithmenos.
   766 | D        | Found a sacrificial altar of Ru.
   812 | D        | Noticed a shadow
   842 | D        | Reached ** piety under Vehumet
   842 | D        | Offered knowledge of Throw Frost by Vehumet.
   867 | D        | Learned a level 2 spell: Throw Frost
   881 | D        | Killed a shadow
   881 | D        | Reached skill level 1 in Ice Magic
   881 | D        | Reached XP level 8. HP: 3/48 MP: 18/27
  1109 | D        | Killed an eight-headed hydra
  1163 | D        | Noticed Josephine
  1166 | D        | Killed Josephine
  1166 | D        | Offered knowledge of Static Discharge by Vehumet.
  1166 | D        | Reached skill level 5 in Short Blades
  1166 | D        | Reached skill level 14 in Spellcasting
  1349 | D        | Noticed a centaur warrior
  1351 | D        | Reached *** piety under Vehumet
  1351 | D        | Reached XP level 9. HP: 33/53 MP: 19/29
  1358 | D        | Killed a centaur warrior
  1358 | D        | Reached skill level 5 in Fighting
  1358 | D        | Reached skill level 5 in Armour
  1358 | D        | Reached skill level 15 in Spellcasting
  1778 | D        | Noticed an unseen horror
  1781 | D        | Killed an unseen horror
  1781 | D        | Offered knowledge of Force Lance by Vehumet.
  1781 | D        | Reached skill level 10 in Fire Magic
  1781 | D        | Reached skill level 5 in Ice Magic
  2091 | D        | Noticed a queen bee
  2096 | D        | Reached **** piety under Vehumet
  2100 | D        | Offered knowledge of Iskenderun's Mystic Blast by Vehumet.
  2107 | D        | Killed a queen bee
  2107 | D        | Reached ***** piety under Vehumet
  2107 | D        | Reached XP level 10. HP: 34/60 MP: 10/31
  2256 | D        | Reached skill level 16 in Spellcasting
  2256 | D        | Reached skill level 10 in Conjurations
  2256 | D        | Reached ****** piety under Vehumet
  2407 | D        | Offered knowledge of Bolt of Magma by Vehumet.
  2566 | D        | Learned a level 5 spell: Bolt of Magma
  2574 | D        | Offered knowledge of Irradiate by Vehumet.
  2581 | D        | Reached skill level 1 in Earth Magic
  2662 | D        | Noticed a spiny frog
  2662 | D        | Noticed a spiny frog
  2665 | D        | Killed a spiny frog
  2670 | D        | Killed a spiny frog
  2750 | D        | Reached skill level 10 in Dodging
  2795 | D        | Found the +4 dagger "Morg" {pain, MR+ Int+5}
  2799 | D        | Offered knowledge of Ozocubu's Refrigeration by Vehumet.
  2804 | D        | Reached skill level 17 in Spellcasting
  2843 | D        | Got a pair of twisted boots
  2847 | D        | Identified the Papyrus of Inference
  2864 | D        | Identified the cursed +0 pair of boots of Prudence {rN+ Str+2} (You found it in the Dungeon)
  3122 | D        | Killed an ice dragon
  3256 | D        | Noticed a lindwurm
  3261 | D        | Killed a lindwurm
  3265 | D        | Reached XP level 11. HP: 20/67 MP: 23/34
  3492 | D        | Offered knowledge of Freezing Cloud by Vehumet.
  3500 | D        | Learned a level 6 spell: Freezing Cloud
  3500 | D        | Noticed Urug
  3503 | D        | Killed Urug
  3503 | D        | Reached skill level 1 in Air Magic
  3656 | D        | Offered knowledge of Spellforged Servitor by Vehumet.
  3712 | D        | Noticed Rupert
  3733 | D        | Paralysed by Rupert for 7 turns
  3745 | D        | Killed Rupert
  3745 | D        | Reached skill level 18 in Spellcasting
  3745 | D        | Reached skill level 5 in Earth Magic
  3802 | D        | Noticed a death yak
  3803 | D        | Noticed a death yak
  3808 | D        | Noticed a death yak
  3810 | D        | Killed a death yak
  3814 | D        | Noticed a death yak
  3816 | D        | Killed a death yak
  3822 | D        | Killed a death yak
  3828 | D        | Killed a death yak
  3835 | D        | Offered knowledge of Conjure Ball Lightning by Vehumet.
  3931 | D        | Reached XP level 12. HP: 74/74 MP: 27/36
  4000 | D        | Noticed an azure jelly
  4000 | D        | Noticed an azure jelly
  4012 | D        | Noticed an ice dragon
  4013 | D        | Noticed an ice dragon
  4014 | D        | Noticed an ice dragon
  4015 | D        | Noticed an ice dragon
  4021 | D        | Killed an ice dragon
  4021 | D        | Reached skill level 19 in Spellcasting
  4022 | D        | Noticed an ice dragon
  4025 | D        | Killed an ice dragon
  4028 | D        | Killed an ice dragon
  4028 | D        | Offered knowledge of Bolt of Fire by Vehumet.
  4028 | D        | Reached skill level 5 in Air Magic
  4044 | D        | Learned a level 6 spell: Bolt of Fire
  4168 | D        | Killed an ice dragon
  4168 | D        | Reached skill level 10 in Short Blades
  4208 | D        | Found Juethroda's Gadget Shoppe.
  4208 | D        | Found Syuph's Magic Scroll Boutique.
  4208 | D        | Found Sew Osk's Antique Weapon Emporium.
  4218 | D        | Killed an ice dragon
  4353 | D        | Got a decaying rune of Zot
  4419 | D        | Noticed an azure jelly
  4419 | D        | Noticed an azure jelly
  4455 | D        | Noticed a dire elephant
  4455 | D        | Noticed a dire elephant
  4455 | D        | Noticed Gastronok
  4462 | D        | Killed a dire elephant
  4462 | D        | Killed a dire elephant
  4462 | D        | Reached skill level 10 in Ice Magic
  4465 | D        | Killed Gastronok
  4479 | D        | Offered knowledge of Fire Storm by Vehumet.
  4479 | D        | Offered knowledge of Chain Lightning by Vehumet.
  4479 | D        | Offered knowledge of Tornado by Vehumet.
  4494 | D        | Learned a level 9 spell: Fire Storm
  4555 | D        | Gained mutation: Your spells are a little harder to cast, but a little more powerful. [evolution]
  4727 | D        | Noticed a six-headed hydra
  4728 | D        | Noticed a four-headed hydra
  4734 | D        | Killed a six-headed hydra
  4734 | D        | Reached skill level 20 in Spellcasting
  4736 | D        | Killed a four-headed hydra
  5151 | D        | Found a blossoming altar of Fedhas.
  5168 | D        | Noticed an anaconda
  5171 | D        | Killed an anaconda
  5171 | D        | Reached XP level 13. HP: 52/79 MP: 3/39
  5839 | D        | Noticed a nagaraja
  5848 | D        | Killed a nagaraja
  5882 | D        | Reached skill level 21 in Spellcasting
  5885 | D        | Found Lukim's Distillery.
  5885 | D        | Found Teno's Antique Armour Shoppe.
  5889 | D        | Found Dewkif's Gadget Boutique.
  5991 | D        | Got a serpentine rune of Zot
  6234 | D        | Found Raus's General Store.
  6339 | D        | Found a blossoming altar of Fedhas.
  6339 | D        | Found a stormy altar of Qazlal.
  6339 | D        | Found a snail-covered altar of Cheibriados.
  6339 | D        | Found a burning altar of Makhleb.
  6339 | D        | Found a shimmering altar of Xom.
  6340 | D        | Found a hazy altar of Hepliaklqana.
  6340 | D        | Found an opulent altar of Gozag.
  6340 | D        | Found a sparkling altar of Nemelex Xobeh.
  6340 | D        | Found a corrupted altar of Lugonu.
  6340 | D        | Found a viscous altar of Jiyva.
  6474 | D        | Bought a scroll of silence for 90 gold pieces
  6474 | D        | Bought a scroll of identify for 24 gold pieces
  6474 | D        | Bought a scroll of identify for 24 gold pieces
  6474 | D        | Bought a scroll of identify for 24 gold pieces
  6474 | D        | Bought a scroll of recharging for 114 gold pieces
  6477 | D        | Bought a scroll of magic mapping for 42 gold pieces
  6516 | D        | Gained mutation: You are partially covered in iridescent scales. (AC +2) [evolution]
  6607 | D        | Bought a potion of heal wounds for 65 gold pieces
  6607 | D        | Bought a potion of magic for 104 gold pieces
  6607 | D        | Bought a potion of agility for 52 gold pieces
  6607 | D        | Bought a potion of heal wounds for 65 gold pieces
  6607 | D        | Bought a potion of heal wounds for 65 gold pieces
  6607 | D        | Bought a potion of curing for 39 gold pieces
  6607 | D        | Bought a potion of invisibility for 104 gold pieces
  6607 | D        | Bought a potion of haste for 130 gold pieces
  6756 | D        | Reached skill level 10 in Fighting
  6756 | D        | Reached skill level 10 in Earth Magic
  6791 | D        | Noticed a deep elf master archer
  6886 | D        | Noticed a deep elf death mage
  6887 | D        | Noticed a deep elf annihilator
  6889 | D        | Killed a deep elf death mage
  6889 | D        | Reached skill level 10 in Armour
  6890 | D        | Noticed a deep elf annihilator
  7002 | D        | Killed a deep elf master archer
  7006 | D        | Noticed a deep elf annihilator
  7010 | D        | Killed a deep elf annihilator
  7167 | D        | Killed a deep elf annihilator
  7170 | D        | Killed a deep elf annihilator
  7445 | D        | Identified the Disquisition on Doomed Cold
  7445 | D        | Identified Dispater's Compendium of Earth
  7450 | D        | Got a vibrating lead amulet
  7454 | D        | Identified the Compendium of the Compass and the Glacier
  7607 | D        | Identified the amulet "Atecw" {Reflect Dex+4 SH+3} (You found it in the Dungeon)
  7700 | D        | Learned a level 8 spell: Ignition
  7748 | D        | Noticed Sigmund
  7748 | D        | Noticed Edmund
  7753 | D        | Killed Sigmund
  7753 | D        | Reached skill level 22 in Spellcasting
  7753 | D        | Reached XP level 14. HP: 83/88 MP: 32/42
  7756 | D        | Killed Edmund
  7982 | D        | Found Jiqahiocu's General Store.
  7982 | D        | Found Biaged's Antique Weapon Shop.
  7982 | D        | Found Eckeuni Lac's Gadget Shoppe.
  7982 | D        | Found Cextyste's Food Boutique.
  7982 | D        | Found Adiugen's Antique Armour Emporium.
  7982 | D        | Found Renkest's Distillery.
  7982 | D        | Found Qanax's Assorted Antiques.
  7982 | D        | Found Tatinleng's Weapon Boutique.
  7983 | D        | Found Epetar's Magic Scroll Boutique.
  7983 | D        | Found Juub's Antique Armour Shoppe.
  7983 | D        | Found Focyzo's Jewellery Shop.
  7983 | D        | Found Zuits's Book Emporium.
  8027 | D        | Bought a pair of dazzling gloves for 209 gold pieces
  8027 | D        | Bought a shiny buckler for 165 gold pieces
  8027 | D        | Bought an ancient helmet for 209 gold pieces
  8032 | D        | Identified the +2 pair of gloves of the Circus Animal {rElec rC- rN+++ Int-5} (You bought it in a shop in the Dungeon)
  8047 | D        | Identified the +3 helmet "Wyvuuw" {MR+ Int+4 Slay+2} (You bought it in a shop in the Dungeon)
  8070 | D        | Bought a scroll of fog for 20 gold pieces
  8070 | D        | Bought a scroll of fear for 35 gold pieces
  8082 | D        | Bought a potion of magic for 88 gold pieces
  8082 | D        | Bought a potion of haste for 110 gold pieces
  8082 | D        | Bought a potion of heal wounds for 55 gold pieces
  8082 | D        | Bought 2 potions of heal wounds for 110 gold pieces
  8082 | D        | Bought a potion of heal wounds for 55 gold pieces
  8303 | D        | Reached skill level 1 in Shields
  8495 | D        | Got a warped quick blade
  8496 | D        | Identified the +5 quick blade of Gozag's Esteem {flame, rN+} (You found it in the Dungeon)
  8664 | D        | Gained mutation: Your muscles are strong. (Str +2) [evolution]
  8958 | D        | Noticed Chuck
  8959 | D        | Killed Chuck
  8959 | D        | Reached skill level 15 in Fire Magic
  8959 | D        | Reached skill level 10 in Air Magic
  9029 | D        | Reached skill level 15 in Dodging
  9060 | D        | Noticed Sojobo
  9087 | D        | Killed Sojobo
  9087 | D        | Reached skill level 23 in Spellcasting
  9344 | D        | Noticed a lich
  9346 | D        | Killed a lich
  9346 | D        | Reached skill level 15 in Conjurations
  9391 | D        | Noticed a shadow dragon
  9391 | D        | Noticed a shadow dragon
  9583 | D        | Killed a shadow dragon
  9588 | D        | Killed a shadow dragon
  9638 | D        | Noticed a juggernaut
  9642 | D        | Noticed a titan
  9642 | D        | a juggernaut changed into a titan
  9644 | D        | Noticed a juggernaut
  9644 | D        | a titan changed into a juggernaut
  9650 | D        | Noticed a shard shrike
  9656 | D        | Noticed a caustic shrike
  9663 | D        | Noticed a frost giant
  9663 | D        | a caustic shrike changed into a frost giant
  9664 | D        | Noticed a storm dragon
  9664 | D        | a frost giant changed into a storm dragon
  9666 | D        | a storm dragon changed into a dire elephant
 10010 | D        | Gained mutation: You are mostly covered in iridescent scales. (AC +4) [evolution]
 10143 | D        | Reached skill level 5 in Shields
 10143 | D        | Reached XP level 15. HP: 80/95 MP: 29/44
 10229 | D        | Noticed a shadow dragon
 10230 | D        | Noticed a frost giant
 10230 | D        | Noticed a golden dragon
 10230 | D        | Noticed a golden dragon
 10230 | D        | Noticed a fire giant
 10230 | D        | Noticed a quicksilver dragon
 10231 | D        | Reached skill level 24 in Spellcasting
 10231 | D        | Killed a quicksilver dragon
 10232 | D        | Noticed a quicksilver dragon
 10232 | D        | Killed a quicksilver dragon
 10234 | D        | Killed a frost giant
 10235 | D        | Killed a golden dragon
 10235 | D        | Killed a golden dragon
 10235 | D        | Reached skill level 25 in Spellcasting
 10431 | D        | Killed a shadow dragon
 10789 | D        | Killed a fire giant
 10825 | D        | Found the +9 heavy crossbow "Sniper" {velocity, Acc+∞ SInv}
 10959 | D        | Got a silver rune of Zot
 10963 | D        | Got a heavily runed bone ring
 10969 | D        | Got an ichor-stained arbalest
 10971 | D        | Got a crude scale mail
 11096 | D        | Got a warped falchion
 11097 | D        | Identified the +7 falchion "Coxofado" {flame, MR+} (You found it in the Dungeon)
 11103 | D        | Identified the cursed +0 arbalest of Disintegration {elec, rPois rC- Str+3 Dex+4} (You found it in the Dungeon)
 11155 | D        | Identified the ring "Duaxzefa" {rC+ Str+3 Stlth+} (You found it in the Dungeon)
 11425 | D        | Identified the +2 scale mail of Ucupuih {+Fly rC+++ Regen+ Dex-3} (You found it in the Dungeon)
 12174 | D        | Bought a book of Power for 540 gold pieces
 12181 | D        | Learned a level 6 spell: Iron Shot
 12266 | D        | Reached skill level 15 in Ice Magic
 12369 | D        | Noticed a lich
 12375 | D        | Killed a lich
 12434 | D        | Noticed a sphinx
 12434 | D        | Noticed a sphinx
 12436 | D        | Killed a sphinx
 12436 | D        | Killed a sphinx
 12626 | D        | Reached XP level 16. HP: 100/100 MP: 36/47
 12809 | D        | Gained mutation: You are resistant to hostile enchantments. (MR+) [evolution]
 12824 | D        | Reached skill level 26 in Spellcasting
 13321 | D        | Noticed Azrael
 13323 | D        | Killed Azrael
 13323 | D        | Reached skill level 15 in Earth Magic
 13409 | D        | Got a shimmering buckler
 13420 | D        | Identified the +2 buckler of Amelioration {Int+4} (You acquired it in the Dungeon)
 14000 | D        | Noticed a greater mummy
 14000 | D        | Noticed a greater mummy
 14002 | D        | Killed a greater mummy
 14002 | D        | Reached skill level 27 in Spellcasting
 14003 | D        | Killed a greater mummy
 14219 | D        | Got a golden rune of Zot
 14236 | D        | Got an ichor-stained chain mail
 14247 | D        | Identified the cursed +0 chain mail of Koloih {*Slow rPois Dex+2} (You found it in the Dungeon)
 14291 | D        | Learned a level 7 spell: Orb of Destruction
 14446 | D        | Reached skill level 10 in Shields
 14719 | D        | Found Keschezirch's Armour Emporium.
 14719 | D        | Found Turhat's Distillery.
 14719 | D        | Found Sanuny's Gadget Shop.
 14719 | D        | Found Neunefo's Food Shoppe.
 14726 | D        | Bought a potion of heal wounds for 60 gold pieces
 14726 | D        | Bought a potion of brilliance for 48 gold pieces
 14726 | D        | Bought a potion of curing for 36 gold pieces
 14726 | D        | Bought a potion of brilliance for 48 gold pieces
 14726 | D        | Bought a potion of ambrosia for 96 gold pieces
 14736 | D        | Found Sifeowin's Distillery.
 14746 | D        | Bought a potion of curing for 42 gold pieces
 14746 | D        | Bought a potion of curing for 42 gold pieces
 14746 | D        | Bought 2 potions of curing for 84 gold pieces
 14746 | D        | Bought a potion of heal wounds for 70 gold pieces
 14746 | D        | Bought a potion of haste for 140 gold pieces
 14746 | D        | Bought a potion of curing for 42 gold pieces
 14746 | D        | Bought a potion of heal wounds for 70 gold pieces
 14797 | D        | Paralysed by a hornet for 2 turns
 15029 | D        | Lost mutation: Your spells are a little harder to cast, but a little more powerful. [evolution]
 15100 | D        | Noticed Mara
 15128 | D        | Noticed Kidiri's illusion
 15129 | D        | Killed Mara
 15129 | D        | Reached XP level 17. HP: 99/112 MP: 4/50
 15299 | D        | Got a warped silver ring
 15301 | D        | Identified the ring "Paunun" {Fire *Slow +Blink rN+} (You acquired it in the Dungeon)
 15330 | D        | Got a translucent scarf
 15341 | D        | Identified the scarf of Foolhardiness {rN+ Str+2 Slay-6 SInv} (You acquired it in the Dungeon)
 15351 | D        | Got a warped helmet
 15362 | D        | Identified the +1 helmet of Ciaschoh {rC+ MR+ Str+2} (You acquired it in the Dungeon)
 15387 | D        | Reached skill level 15 in Air Magic
 15387 | D        | Reached skill level 1 in Evocations
 15486 | D        | Noticed Nikola
 15494 | D        | Killed Nikola
 15617 | D        | Noticed Roxanne
 15621 | D        | Killed Roxanne
 15825 | D        | Noticed Boris
 15835 | D        | Killed Boris
 15835 | D        | Reached skill level 5 in Evocations
 16006 | D        | Reached skill level 15 in Fighting
 16033 | D        | Noticed Nessos
 16034 | D        | Killed Nessos
 16034 | D        | Reached skill level 15 in Armour
 16128 | D        | Noticed a deep elf blademaster
 16128 | D        | Noticed a deep elf blademaster
 16128 | D        | Noticed a deep elf blademaster
 16130 | D        | Killed a deep elf blademaster
 16130 | D        | Killed a deep elf blademaster
 16131 | D        | Killed a deep elf blademaster
 16132 | D        | Noticed a deep elf blademaster
 16140 | D        | Killed a deep elf blademaster
 16295 | D        | Noticed a Killer Klown
 16300 | D        | Killed a Killer Klown
 16565 | D        | Noticed Geryon
 16571 | D        | Killed Geryon
 16639 | D        | Noticed an iron giant
 16671 | D        | HP: 4/113 [war gargoyle/spray of metal splinters (34)]
 16691 | D        | Killed an iron giant
 17028 | D        | Reached XP level 18. HP: 120/120 MP: 33/51
 17125 | D        | Noticed a Hell Sentinel
 17128 | D        | Reached skill level 15 in Shields
 17137 | D        | Killed a Hell Sentinel
 17137 | D        | Reached skill level 10 in Evocations
 17149 | D        | Got a bloodstained scarf
 17149 | D        | Got a pair of brightly glowing boots
 17162 | D        | Identified the scarf "Hogguag" {MR- Int+3 Dex+6} (You found it in the Dungeon)
 17172 | D        | Identified the +0 pair of boots of Lies {-Tele rCorr Int+3 Dex+4} (You found it in the Dungeon)
 17292 | D        | Noticed Antaeus
 17497 | D        | Killed Antaeus
 17579 | D        | Got an icy rune of Zot
 17587 | D        | Noticed an Ice Fiend
 17589 | D        | Killed an Ice Fiend
 17617 | D        | Noticed an Ice Fiend
 17619 | D        | Killed an Ice Fiend
 17672 | D        | Noticed an Ice Fiend
 17675 | D        | Killed an Ice Fiend
 17770 | D        | Noticed an Ice Fiend
 17772 | D        | Killed an Ice Fiend
 17824 | D        | Noticed an Ice Fiend
 17826 | D        | Killed an Ice Fiend
 17955 | D        | Noticed Mennas
 17959 | D        | Killed Mennas
 18183 | D        | Noticed an Orb Guardian
 18183 | D        | Noticed an Orb Guardian
 18187 | D        | Killed an Orb Guardian
 18188 | D        | Killed an Orb Guardian
 18340 | D        | Noticed an ancient lich
 18342 | D        | Noticed a Hell Sentinel
 18345 | D        | Noticed a Hell Sentinel
 18347 | D        | Killed an ancient lich
 18444 | D        | Noticed an electric golem
 18452 | D        | Killed an electric golem
 18583 | D        | Noticed Tiamat
 18612 | D        | Killed Tiamat
 18969 | D        | Noticed the Serpent of Hell
 18976 | D        | Noticed a Brimstone Fiend
 18979 | D        | Noticed a golden dragon
 18982 | D        | Killed a Brimstone Fiend
 18982 | D        | Reached XP level 19. HP: 20/128 MP: 7/52
 18986 | D        | Identified the Disquisition on Malediction
 18988 | D        | HP: 6/128 [the Serpent of Hell] (3)]
 18991 | D        | Got a fine garnet amulet
 18994 | D        | Slain by the Serpent of Hell

Vault maps used:
D:        dungeon_sprint_mu

Skill      XL: |  1  2  3  4  5  6  7  8  9 10 11 12 13 14 15 16 17 18 |
---------------+-------------------------------------------------------+-----
Spellcasting   | 7 10 12 13 14 15 17 18 20 22 23 25 27 | 27.0
Conjurations   | 3 4 5 7 8 9 10 12 13 14 15 16 18 20 22 | 22.0
Fire Magic     | 5 6 7 8 9 10 11 12 13 14 15 17 18 20 22 | 22.1
Fighting       | 2 4 5 7 8 9 10 11 12 14 15 17 | 17.3
Short Blades   | 3 4 5 7 8 9 10 12 13 14 | 14.5
Armour         | 3 4 5 7 8 9 10 11 12 14 15 17 | 17.3
Dodging        | 5 6 7 8 10 11 12 14 15 17 19 21 23 | 23.1
Ice Magic      | 1 3 5 7 9 10 12 13 15 17 19 21 | 21.1
Earth Magic    | 3 6 8 10 12 14 16 18 20 | 20.5
Air Magic      | 4 6 9 11 12 14 16 18 | 18.8
Shields        | 5 7 11 14 17 | 17.9
Evocations     | 9 13 | 13.8
Stealth        | |  2.4

Action                   |  1- 3 |  4- 6 |  7- 9 | 10-12 | 13-15 | 16-18 | 19-21 || total
-------------------------+-------+-------+-------+-------+-------+-------+-------++-------
Melee: Dagger            |       |       |     1 |    87 |   169 |   101 |       ||   358
Throw: Throwing net      |       |       |       |       |       |     1 |       ||     1
 Cast: Flame Tongue      |    12 |     5 |    24 |    55 |    11 |     8 |       ||   115
       Throw Flame       |     2 |       |       |     2 |     1 |     3 |       ||     8
       Sticky Flame      |       |     3 |     7 |    18 |    19 |     7 |       ||    54
       Conjure Flame     |       |     1 |     3 |     8 |     1 |       |       ||    13
       Inner Flame       |       |       |     5 |    10 |       |       |       ||    15
       Fireball          |       |       |     9 |     2 |     2 |       |       ||    13
       Bolt of Magma     |       |       |       |    37 |    24 |     7 |       ||    68
       Throw Frost       |       |       |       |    18 |    17 |       |       ||    35
       Freezing Cloud    |       |       |       |     4 |    19 |     7 |       ||    30
       Bolt of Fire      |       |       |       |    27 |   113 |   123 |       ||   263
       Ignition          |       |       |       |       |    14 |    16 |       ||    30
       Iron Shot         |       |       |       |       |     2 |    78 |     1 ||    81
       Fire Storm        |       |       |       |       |       |     5 |       ||     5
       Orb of Destructio |       |       |       |       |       |    22 |     1 ||    23
 Abil: Evoke Flight      |       |       |       |       |     2 |    11 |       ||    13
       Evoke Blink       |       |       |       |       |       |    14 |     1 ||    15
Evoke: Wand              |       |       |       |       |       |     3 |     3 ||     6
  Use: Potion            |     1 |       |     2 |     2 |     9 |    17 |     1 ||    32
       Scroll            |     1 |       |     1 |     7 |     7 |    20 |       ||    36
 Stab: Sleeping          |       |       |       |     2 |       |       |       ||     2
  Eat: Bread ration      |       |       |     1 |     1 |     1 |     1 |       ||     4
       Chunk             |       |       |       |     4 |    13 |     4 |       ||    21
       Fruit             |       |       |       |       |    10 |       |       ||    10
       Royal jelly       |       |       |       |       |     1 |       |       ||     1
       Meat ration       |       |       |       |       |       |     3 |       ||     3
Armor: Robe              |       |       |     2 |     1 |    30 |       |       ||    33
       Leather armour    |       |       |       |     4 |       |       |       ||     4
       Ice dragon scales |       |       |       |    12 |    18 |       |       ||    30
       Scale mail        |       |       |       |       |     9 |    44 |     1 ||    54
Dodge: Dodged            |     2 |     2 |    16 |    29 |   155 |    77 |       ||   281
Block: Other             |       |       |       |       |    10 |       |       ||    10
       Reflection        |       |       |       |       |     6 |    15 |       ||    21
       Buckler           |       |       |       |       |    59 |    48 |       ||   107
       Large shield      |       |       |       |       |       |    40 |     2 ||    42

Table legend:
 A = Spawn XP
 B = Non-spawn XP
 C = Spawn XP percentage of total XP
 D = Spawn monster count
 E = Non-spawn monster count
 F = Spawn count percentage of total count
 G = Total turns spent on level
                    A         B        C        D         E        F      G
               +---------+---------+-------+---------+---------+-------+---------
         Total |       0 |  378130 |   0.0 |       0 |     398 |   0.0 | 18994
               +---------+---------+-------+---------+---------+-------+---------
             D |       0 |  378130 |   0.0 |       0 |     398 |   0.0 | 18994
               +---------+---------+-------+---------+---------+-------+---------
